 Dungeon Sprint DCSS version 0.28.0-43-g3370ac3207 (webtiles) character file.

Game seed: 10691797025306804129

3879 boopmooplesden the Severer (level 10, -1/99 HPs)
             Began as a Minotaur Fighter on Mar 14, 2022.
             Was a High Priest of Trog.
             Killed from afar by an oklob plant summoner (33 damage)
             ... with a splash of acid
             ... in the Dungeon (Sprint IV: "Fedhas' Mad Dash").
             The game lasted 00:04:15 (2288 turns).

boopmooplesden the Severer (Minotaur Fighter)       Turns: 2288, Time: 00:04:15

Health: -1/99      AC:  0    Str: 23    XL:     10   Next: 0%
Magic:  8/9        EV: 10    Int:  5    God:    Trog [*****.]
Gold:   212        SH:  0    Dex: 12    Spells: 9/9 levels left

rFire   . . .      SeeInvis .   m - +0 battleaxe
rCold   . . .      Faith    .   (shield currently unavailable)
rNeg    . . .      Spirit   .   k - +0 chain mail
rPois   .          Reflect  .   (helmet restricted)
rElec   .          Harm     .   (no cloak)
rCorr   .          Rampage  .   (no gloves)
Will    .....      NoTele   +   (no boots)
Stlth   ..........              l - amulet of invisibility {+Inv}
HPRegen 0.26/turn               (no ring)
MPRegen 0.11/turn               (no ring)

@: corroded, on berserk cooldown, very slightly contaminated, slowed, studying
Staves, invisible (expiring), very slow
A: horns 2, retaliatory headbutt
a: Renounce Religion, Evoke Invisibility, Berserk, Trog's Hand, Brothers in Arms


You were in the Dungeon.
You worshipped Trog.
Trog was extremely pleased with you.
You visited 1 branch You collected 212 gold pieces.

Inventory:

Hand Weapons
 a - a +0 war axe
 m - a +0 battleaxe (weapon)
 n - the +5 dagger of Death's Door {freeze, Str+5}
   (You found it in the Dungeon)

   It freezes those it strikes, dealing additional cold damage.
   It can also slow down cold-blooded creatures.
   Str:       It affects your strength (+5).
 o - a +0 quarterstaff
Armour
 b - a +0 scale mail
 c - a +0 buckler
 k - a +0 chain mail (worn)
Jewellery
 l - the amulet of invisibility (around neck) {+Inv}
   (You found it in the Dungeon)

   [amulet of nothing]

   +Inv:      It lets you turn invisible.
Scrolls
 g - a scroll of immolation {unknown}
Potions
 d - a potion of might
 e - 2 potions of curing
 f - a potion of heal wounds
 h - 2 potions of magic
 i - a potion of berserk rage
 j - 2 potions of brilliance {unknown}


   Skills:
 + Level 12.3 Fighting
 + Level 15.1 Axes
 + Level 12.6 Armour
 + Level 3.4 Dodging
 + Level 6.5 Stealth
 + Level 9.0 Shields
 + Level 8.3 Evocations


You had 9 spell levels left.
You didn't know any spells.
Your spell library was empty.

Dungeon Overview and Level Annotations

Branches:
Dungeon (1/1)

Altars:
Cheibriados
Dithmenos
Elyvilon
Gozag
Hepliaklqana
Kikubaaqudgha
Makhleb
Nemelex Xobeh
Okawaru
Qazlal
Ru
Sif Muna
Trog
Uskayaw
Vehumet
Wu Jian
Xom
Yredelemnul
Zin
The Shining One
Beogh
Jiyva
Lugonu

Shops:
D (:?(

Annotations:
D exclusion: oklob plant


Innate Abilities, Weirdness & Mutations

You have a pair of horns on your head.
You reflexively headbutt those who attack you in melee.


Message History

You are no longer berserk.
You are exhausted.
You feel yourself slow down.
Your Axes skill increases to level 15!
You have reached level 10!
You strike the helpless oklob plant summoner from behind!
You hit the oklob plant summoner.
The oklob plant summoner is lightly damaged.
You catch the helpless oklob plant summoner completely off-guard!
You hit the oklob plant summoner but do no damage.
You headbutt the oklob plant summoner.
The oklob plant summoner is moderately damaged.
The oklob plant summoner spits acid at you.
The splash of acid misses you.
The oklob plant summoner spits acid at you.
The splash of acid hits you!! The acid corrodes you!
You catch the helpless oklob plant summoner completely off-guard!
You hit the oklob plant summoner.
You headbutt the oklob plant summoner, but do no damage.
The oklob plant summoner is moderately damaged.
You slash the oklob plant summoner!
You headbutt the oklob plant summoner, but do no damage.
The oklob plant summoner is almost destroyed.
The oklob plant summoner spits acid at you.
The splash of acid hits you! The acid corrodes you!
The oklob plant summoner spits acid at you.
The splash of acid misses you.
You hit the oklob plant summoner but do no damage.
You headbutt the oklob plant summoner, but do no damage.
The oklob plant summoner is almost destroyed.
You catch the helpless oklob plant summoner completely off-guard!
You hit the oklob plant summoner but do no damage.
You headbutt the oklob plant summoner, but do no damage.
The oklob plant summoner is almost destroyed.
You flicker for a moment.
You hit the oklob plant summoner but do no damage.
The oklob plant summoner is severely damaged.
The oklob plant summoner spits acid at you.
The splash of acid hits you!!
You die...

########################
_._._.⌠.#.))...#....##∩#
._._._..'..#...#....'..#
_._._...#..###'##..)##∩#
._._._..#.(##∩∩.'...####
_._._.⌠.#############
#############....([#
..♣(###.'.('.....$$+
♣..♣##:.#..#....@..#
.♣[.###.##+##.P.P..#
...♣'...# ########
#########


You could see an oklob plant summoner.

Vanquished Creatures
  A spriggan druid (D)
  5 oklob plants (D)
  3 burning bushes (D)
  A queen bee (D)
  3 scorpions (D)
  4 killer bees (D)
  2 wandering mushrooms (D)
  5 oklob saplings (D)
  2 spriggans (D)
  A river rat (D)
  A rat (D)
28 creatures vanquished.

Vanquished Creatures (others)
  A wandering mushroom (D)
  A ballistomycete spore (D)
  A fungus (D)
3 creatures vanquished.

Grand Total: 31 creatures vanquished

Notes
Turn   | Place    | Note
-------+----------+-------------------------------------------
     0 | D        | boopmooplesden the Minotaur Fighter began the quest for the
                  | Orb.
     0 | D        | Reached XP level 1. HP: 19/19 MP: 0/0
    11 | D        | Reached XP level 2. HP: 13/28 MP: 1/1
    26 | D        | Noticed an oklob sapling
   171 | D        | Noticed a scorpion
   171 | D        | Found the amulet of invisibility {+Inv}
   174 | D        | Killed a scorpion
   175 | D        | Reached skill level 3 in Axes
   175 | D        | Reached XP level 3. HP: 37/37 MP: 2/2
   175 | D        | Reached XP level 4. HP: 44/44 MP: 3/3
   198 | D        | Reached skill level 4 in Axes
   449 | D        | Found an opulent altar of Gozag.
   449 | D        | Found a hazy altar of Hepliaklqana.
   449 | D        | Found a snail-covered altar of Cheibriados.
   452 | D        | Found a viscous altar of Jiyva.
   452 | D        | Found a burning altar of Makhleb.
   452 | D        | Found a sparkling altar of Nemelex Xobeh.
   452 | D        | Found a sacrificial altar of Ru.
   452 | D        | Found a shimmering blue altar of Sif Muna.
   452 | D        | Found a bloodstained altar of Trog.
   452 | D        | Found an ornate altar of the Wu Jian Council.
   452 | D        | Found a shimmering altar of Xom.
   452 | D        | Found a basalt altar of Yredelemnul.
   453 | D        | Found an iron altar of Okawaru.
   453 | D        | Found a shadowy altar of Dithmenos.
   453 | D        | Found a glowing silver altar of Zin.
   454 | D        | Found an ancient bone altar of Kikubaaqudgha.
   454 | D        | Found a hide-covered altar of Uskayaw.
   455 | D        | Found a stormy altar of Qazlal.
   455 | D        | Found a white marble altar of Elyvilon.
   455 | D        | Found a glowing golden altar of the Shining One.
   456 | D        | Found a corrupted altar of Lugonu.
   456 | D        | Found a radiant altar of Vehumet.
   467 | D        | Reached skill level 5 in Axes
   467 | D        | Reached skill level 1 in Evocations
   467 | D        | Reached XP level 5. HP: 10/53 MP: 2/4
   471 | D        | Became a worshipper of Trog the Wrathful
   748 | D        | Reached * piety under Trog
   753 | D        | Reached skill level 6 in Axes
   753 | D        | Reached XP level 6. HP: 51/62 MP: 5/5
   762 | D        | Found Cugorun's Book Shop.
   762 | D        | Found Unallon's Antique Weapon Emporium.
   793 | D        | Noticed a burning bush
   793 | D        | Noticed a wandering mushroom
   794 | D        | Noticed a wandering mushroom
   805 | D        | Reached ** piety under Trog
   816 | D        | Reached skill level 10 in Armour
  1365 | D        | Killed a burning bush
  1366 | D        | Reached skill level 8 in Axes
  1366 | D        | Reached skill level 1 in Dodging
  1366 | D        | Reached skill level 1 in Stealth
  1366 | D        | Reached XP level 7. HP: 51/71 MP: 6/6
  1370 | D        | Found Wetynoc's Weapon Emporium.
  1370 | D        | Found Zyim's Magic Scroll Shoppe.
  1491 | D        | Noticed a queen bee
  1497 | D        | Reached skill level 5 in Evocations
  1500 | D        | Reached skill level 9 in Axes
  1502 | D        | Reached skill level 10 in Fighting
  1504 | D        | Reached *** piety under Trog
  1506 | D        | Killed a queen bee
  1507 | D        | Reached skill level 10 in Axes
  1507 | D        | Reached XP level 8. HP: 80/80 MP: 5/7
  1600 | D        | Noticed an oklob plant
  1612 | D        | Killed an oklob plant
  1613 | D        | Reached skill level 11 in Axes
  1636 | D        | Noticed a burning bush
  1638 | D        | Identified the +5 dagger of Death's Door {freeze, Str+5}
  1642 | D        | Killed a burning bush
  1670 | D        | Noticed a burning bush
  1670 | D        | Noticed an oklob plant
  1671 | D        | Noticed a wandering mushroom
  1680 | D        | Killed a burning bush
  1680 | D        | Reached **** piety under Trog
  1681 | D        | Reached skill level 12 in Axes
  1682 | D        | Killed a wandering mushroom
  1683 | D        | Reached skill level 5 in Stealth
  1683 | D        | Reached XP level 9. HP: 73/89 MP: 6/8
  1759 | D        | Killed an oklob plant
  1760 | D        | Reached skill level 13 in Axes
  1814 | D        | Noticed a spriggan druid
  1829 | D        | Killed a spriggan druid
  1830 | D        | Reached skill level 14 in Axes
  2168 | D        | Noticed an oklob plant conjurer
  2170 | D        | Killed an oklob plant conjurer
  2170 | D        | Reached ***** piety under Trog
  2265 | D        | Noticed an oklob plant
  2265 | D        | Noticed an oklob plant summoner
  2266 | D        | Noticed an oklob plant shifter
  2275 | D        | Killed an oklob plant
  2280 | D        | Killed an oklob plant shifter
  2281 | D        | Reached skill level 15 in Axes
  2281 | D        | Reached XP level 10. HP: 71/99 MP: 7/9
  2288 | D        | Killed from afar by an oklob plant summoner

Illustrated notes

Levels and vault maps discovered:
D:        dungeon_sprint_fedhas [sprint_temple]

Skill      XL: |  1  2  3  4  5  6  7  8  9 |
---------------+----------------------------+-----
Fighting       | 4 6 7 8 9 10 11 12 | 12.3
Armour         | 4 6 8 9 10 11 12 | 12.6
Shields        | 4 6 7 8 9 |  9.0
Axes           | 3 5 6 8 10 12 15 | 15.1
Evocations     | 1 3 4 5 6 8 |  8.3
Dodging        | 1 2 3 |  3.4
Stealth        | 1 2 5 6 |  6.5

Action                   |  1- 3 |  4- 6 |  7- 9 | 10-12 || total
-------------------------+-------+-------+-------+-------++-------
Melee: War axe           |     8 |    47 |    19 |       ||    74
       Headbutt          |     1 |    11 |    16 |     5 ||    33
       Battleaxe         |       |       |    42 |     7 ||    49
Invok: Berserk           |       |       |     4 |       ||     4
 Abil: Evoke Invisibilit |       |     4 |     8 |       ||    12
  Use: Scroll            |     1 |       |       |       ||     1
       Potion            |       |     1 |       |       ||     1
 Stab: Invisible         |       |     1 |    11 |     4 ||    16
Armor: Scale mail        |     2 |       |       |       ||     2
       Chain mail        |     1 |     9 |     5 |       ||    15
Dodge: Dodged            |     3 |    12 |    11 |     2 ||    28
Block: Buckler           |       |     2 |     2 |       ||     4
